 Dungeon Crawl Stone Soup version 0.27-a0-1154-gfdeffcb720 (webtiles) character file.

Game seed: 12363160971220607282

1381 chippings the Cudgeller (level 8, 0/64 HPs)
             Began as a Mummy Gladiator on May 14, 2021.
             Was a Follower of Okawaru.
             Slain by a scorpion (6 damage)
             ... on level 6 of the Dungeon.
             The game lasted 00:11:19 (6276 turns).

chippings the Cudgeller (Mummy Gladiator)           Turns: 6276, Time: 00:11:21

Health: 0/64       AC: 13    Str: 19    XL:     8   Next: 39%
Magic:  9/9        EV:  5    Int:  8    God:    Okawaru [*.....]
Gold:   155        SH:  3    Dex: 13    Spells: 7/7 levels left

rFire    x . .     SeeInvis .   q - +2 morningstar
rCold    + . .     Faith    .   u - +0 buckler
rNeg     + + +     Spirit   .   a - +1 plate armour
rPois    ∞         Reflect  .   c - +0 helmet
rElec    .         Harm     .   j - +0 cloak
rCorr    .         Rampage  .   (no gloves)
Will     +....                  (no boots)
Stlth    ..........             (no amulet)
HPRegen  0.20/turn              (no ring)
MPRegen  0.11/turn              (no ring)

@: no status effects
A: cold resistance 1, negative energy resistance 3, torment resistance 2, heat
vulnerability 1, no potions
a: Renounce Religion, Heroism


You were on level 6 of the Dungeon.
You worshipped Okawaru.
Okawaru was aware of your devotion.
You visited 2 branches of the dungeon, and saw 8 of its levels.

You collected 155 gold pieces.

Inventory:

Hand Weapons
 o - a +1 short sword of speed
 q - a +2 morningstar (weapon)
 s - a +0 longbow
Missiles
 d - 3 throwing nets
 k - 12 boomerangs
 l - 2 javelins
 m - 3 boomerangs of dispersal
Armour
 a - a +1 plate armour (worn)
 c - a +0 helmet (worn)
 j - a +0 cloak (worn)
 u - a +0 buckler (worn)
Wands
 i - a wand of digging (6)
 p - a wand of flame (12) (quivered)
Scrolls
 b - a scroll of silence
 e - a scroll of immolation
 h - a scroll of magic mapping
 n - a scroll of amnesia
 r - a scroll of identify
 t - a scroll of noise {unknown}


   Skills:
 + Level 5.9 Fighting
 * Level 7.1 Maces & Flails
 + Level 1.8 Throwing
 - Level 2.4 Dodging
 + Level 0.6 Shields
 + Level 2.3 Invocations


You had 7 spell levels left.
You didn't know any spells.
Your spell library contained the following spells:

 Spells                   Type           Power      Damage    Failure   Level
 Freeze                   Ice            0%         1d3       100%        1
 Frozen Ramparts          Ice            0%         1d2       100%        3
 Ozocubu's Armour         Ice            0%         N/A       100%        3
 Hailstorm                Conj/Ice       0%         3d3       100%        4
 Metabolic Englaciation   Hex/Ice        0%         N/A       100%        5


Dungeon Overview and Level Annotations

Branches:
Dungeon (7/15)             Temple (1/1) D:4

Altars:
Ashenzari
Cheibriados
Dithmenos
Elyvilon
Fedhas
Gozag
Hepliaklqana
Kikubaaqudgha
Makhleb
Nemelex Xobeh
Okawaru
Qazlal
Trog
Uskayaw
Vehumet
Wu Jian
Xom
Yredelemnul
Zin

Shops:
D:3 [

Annotations:
D:3 2 runed translucent doors, Crazy Yiuf; jien's ghost, amateur GrFi


Innate Abilities, Weirdness & Mutations

You are immune to poison.
Your flesh is cold resistant. (rC+)
You are immune to negative energy. (rN+++)
You are immune to unholy pain and torment.
You are vulnerable to heat. (rF-)
You do not drink.


Message History

An adder comes into view.
The kobold throws a stone.
The stone barely misses you.
You feel like a meek peon again.
The quasit bites you but does no damage.
You block the quasit's attack.
The quasit claws you but does no damage.
The quasit bites you but does no damage.
The quasit barely misses you. You block the quasit's attack.
The quasit barely misses you. You block the quasit's attack.
The quasit claws you but does no damage.
The quasit disappears in a puff of smoke!
Really walk into that teleport trap?
You enter a teleport trap!
The teleport trap disappears.
Your surroundings suddenly seem different.
A bullfrog, a jelly and a scorpion come into view.
The bullfrog gives a loud, deep croak!
The jelly quivers.
The bullfrog hits you but does no damage.
The jelly barely misses you. The bullfrog hits you.
* * * LOW HITPOINT WARNING * * *
Found 10 gold pieces and a ring mail.
You see here 10 gold pieces.
As you read the scroll of torment, it crumbles to dust.
You feel a surge of unholy energy.
The jelly convulses!
The bullfrog convulses!
The scorpion convulses!
The jelly hits you but does no damage.
You puncture the jelly!
You kill the jelly!
Okawaru accepts your kill.
The bullfrog hits you but does no damage.
You closely miss the bullfrog.
The bullfrog is heavily wounded.
A centaur comes into view.
It is wielding a +0 dagger and carrying a wand of iceblast (10).
The bullfrog hits you but does no damage. x2
You sock the bullfrog!
You kill the bullfrog!
Okawaru accepts your kill.
The centaur unwields a +0 dagger.
The centaur wields a +0 shortbow.
The centaur shoots an arrow.
The arrow hits you but does no damage. The scorpion stings you.
You die...

#.#.# #.#.# #.##
#... #. .####
.#..# .....
#.##...########
###...# #....#####
#@sc# ####......
###...###....#####
..##.##...#### .
.. [#..### ## #.
#.###.## #.#
..#.(# #.. #.#.##
####.#### #.#.#
........# #...#


You could see a centaur and a scorpion.

Vanquished Creatures
  Eustachio (D:4)
  Edmund (D:4)
  A water moccasin (D:6)
  A sky beast (D:5)
  2 necrophages
  An ogre (D:4)
  A bullfrog (D:6)
  A scorpion (D:5)
  A water moccasin zombie (D:5)
  A water moccasin skeleton (D:5)
  2 howler monkeys
  A centaur zombie (D:5)
  A gnoll shaman (D:5)
  3 jellies (D:6)
  Terence (D:3)
  Ijyb (D:4)
  Natasha (D:3)
  An orc wizard (D:3)
  2 hound skeletons
  3 adders
  4 gnolls
  An ufetubus (D:5)
  13 orcs
  A bat (D:2)
  3 endoplasms
  A giant cockroach (D:1)
  3 goblins
  5 hobgoblins
  9 jackals
  6 kobolds
  4 quokkas
  3 ball pythons
  5 frilled lizards
  21 rats
106 creatures vanquished.

Vanquished Creatures (others)
  38 plants (D:5)
38 creatures vanquished.

Grand Total: 144 creatures vanquished

Notes
Turn   | Place    | Note
-------+----------+-------------------------------------------
     0 | D:1      | chippings the Mummy Gladiator began the quest for the Orb.
     0 | D:1      | Reached XP level 1. HP: 16/16 MP: 1/1
   471 | D:1      | Reached XP level 2. HP: 22/22 MP: 2/2
   563 | D:1      | Found a faded altar of an unknown god.
   817 | D:1      | Reached skill level 3 in Maces & Flails
  1055 | D:2      | Found a sparkling altar of Nemelex Xobeh.
  1694 | D:2      | Reached XP level 3. HP: 28/28 MP: 3/3
  2169 | D:3      | Noticed Natasha
  2183 | D:3      | Killed Natasha
  2425 | D:3      | Reached XP level 4. HP: 30/34 MP: 4/4
  2765 | D:3      | Noticed Terence
  2769 | D:3      | Killed Terence
  2898 | D:3      | Found a runed translucent door.
  2899 | D:3      | Noticed Crazy Yiuf
  3025 | D:3      | Found a runed translucent door.
  3028 | D:3      | Noticed a bullfrog
  3029 | D:3      | Noticed jien's ghost (amateur GrFi)
  3059 | D:3      | Found Goenk's Armour Shop.
  3102 | D:3      | Reached skill level 4 in Maces & Flails
  3283 | D:3      | Noticed a fire elemental
  3289 | D:3      | Found a stormy altar of Qazlal.
  3289 | D:3      | Noticed an air elemental
  3291 | D:3      | Noticed an earth elemental
  3292 | D:3      | Noticed a water elemental
  3474 | D:4      | Noticed Edmund
  3474 | D:4      | You fall into a shaft and drop 2 floors!
  3492 | D:6      | Reached XP level 5. HP: 40/41 MP: 5/5
  3496 | D:5      | Entered Level 5 of the Dungeon
  3521 | D:4      | Noticed a necrophage
  3530 | D:4      | Killed a necrophage
  3596 | D:4      | Noticed an ogre
  3605 | D:4      | Killed an ogre
  3606 | D:4      | Reached skill level 5 in Maces & Flails
  3606 | D:4      | Reached XP level 6. HP: 48/48 MP: 6/6
  3681 | D:4      | You fall into a shaft and drop 3 floors!
  4133 | D:4      | Noticed Eustachio
  4148 | D:4      | Killed Eustachio
  4149 | D:4      | Reached XP level 7. HP: 52/55 MP: 7/7
  4295 | D:4      | Killed Edmund
  4522 | D:4      | Reached skill level 6 in Maces & Flails
  4601 | D:4      | Found a staircase to the Ecumenical Temple.
  4613 | Temple   | Entered the Ecumenical Temple
  4681 | Temple   | Became a worshipper of Warmaster Okawaru
  4734 | D:4      | Found a faded altar of an unknown god.
  4740 | D:4      | Reached skill level 5 in Fighting
  4822 | D:4      | Noticed Ijyb
  4832 | D:4      | Killed Ijyb
  4973 | D:4      | Found a sparkling altar of Nemelex Xobeh.
  5119 | D:4      | Found a basalt altar of Yredelemnul.
  5500 | D:5      | Found a large runed translucent door.
  5500 | D:5      | Found a large runed translucent door.
  5518 | D:5      | Found a burning altar of Makhleb.
  5576 | D:5      | Found a snail-covered altar of Cheibriados.
  5586 | D:5      | Reached skill level 1 in Invocations
  5681 | D:5      | Reached XP level 8. HP: 44/63 MP: 7/9
  6159 | D:6      | Reached * piety under Okawaru
  6166 | D:6      | Reached skill level 7 in Maces & Flails
  6173 | D:6      | Found a shadowy altar of Dithmenos.
  6224 | D:6      | Noticed a kobold demonologist
  6229 | D:6      | Noticed a kobold demonologist
  6250 | D:6      | Noticed a sixfirhy
  6276 | D:6      | Slain by a scorpion

Illustrated notes

Levels and vault maps discovered:
D:1:      lightli_arrival_lavapool, layout_loops_ring,
          shapermc_ecumenical_altar_starsandcircs
D:2:      layout_basic, basic_altar, minmay_rat_hole
D:3:      layout_loops_cross, nicolae_qazlal_style_of_elements,
          old_standard_altar, ebering_ghost_sewer_d, serial_shops,
          nicolae_shop_trees, uniq_terence, uniq_crazy_yiuf_cottage,
          uniq_natasha
D:4:      layout_cave_pods, general_overflow_altar,
          nemelex_diamond_rough_becter, minmay_temple_entry_mist,
          serial_column_ruins, column_ruins_temple_hut, column_ruins_hut,
          column_ruins_grid_1, column_ruins_open_medium,
          column_ruins_open_large, column_ruins_corridor_straight, uniq_edmund,
          uniq_eustachio, uniq_ijyb
D:5:      layout_rooms, jmf_multi_god_temple2, serial_bayou,
          serial_bayou_shore_a, serial_bayou_pond_e, serial_bayou_crossing,
          serial_bayou_shore_b, serial_bayou_lagoon_a, serial_bayou_ford_a
D:6:      minmay_general_purpose_star, layout_basic, lemuel_tele_altar,
          nicolae_ru_great_annihilating_truth, amcnicky_mini_pool_medium
D:7:      layout_layer_cave, tso_oasis_becter, serial_shops, shop,
          serial_park_tiny_1
Temple:   nicolae_temple_hex_pool

Skill      XL: |  1  2  3  4  5  6  7  8 |
---------------+-------------------------+-----
Maces & Flails | 3 4 5 6 7 |  7.1
Fighting       | 3 4 5 |  5.9
Invocations    | 1 2 |  2.3
Throwing       | |  1.8
Dodging        | |  2.4
Shields        | |  0.6

Action                   |  1- 3 |  4- 6 |  7- 9 || total
-------------------------+-------+-------+-------++-------
Melee: Flail             |   140 |    18 |       ||   158
       Morningstar       |       |    65 |   176 ||   241
Invok: Heroism           |       |       |     1 ||     1
Evoke: Wand              |       |     1 |     1 ||     2
  Use: Scroll            |       |     4 |     8 ||    12
Armor: Leather armour    |     7 |       |       ||     7
       Scale mail        |    35 |       |       ||    35
       Chain mail        |    30 |     9 |       ||    39
       Ring mail         |       |    24 |     8 ||    32
       Plate armour      |       |       |   129 ||   129
Dodge: Dodged            |    65 |    40 |    64 ||   169
Block: Buckler           |       |       |    13 ||    13

Table legend: (Time is in decaauts)
 A = Elapsed time spent in this place.
 B = Non-inter-level travel time spent in this place.
 C = Inter-level travel time spent in this place.
 D = Time resting spent in this place.
 E = Time spent auto-exploring this place.
 F = Levels seen in this place.
 G = Mean time per level.
                   A        B        C        D        E       F      G
               +--------+--------+--------+--------+--------+-----+--------+
         Total |   6408 |   6084 |    324 |    414 |   3961 |   8 |  801.0 |
       Dungeon |   6336 |   6012 |    324 |    414 |   3961 |   7 |  905.1 |
        Temple |     71 |     71 |      0 |      0 |      0 |   1 |   71.0 |
               +--------+--------+--------+--------+--------+-----+--------+

Top non-repeatable levels by time:
     D:3: 1491 daAuts
     D:4: 1383 daAuts
     D:2: 1069 daAuts
     D:1: 1068 daAuts
     D:5: 1048 daAuts
     D:6: 240 daAuts
  Temple: 71 daAuts
     D:7: 33 daAuts
